 Dungeon Crawl Stone Soup version 0.30.1-3-gfc49f6343a (webtiles) character file.

Game seed: 11400777947208005417

3377 Heoruswealwe the Skirmisher (level 9, -5/83 HPs)
             Began as a Demigod Hunter on July 20, 2023.
             Shot with an arrow by a centaur warrior (15 damage)
             ... on level 15 of the Dungeon.
             The game lasted 00:39:21 (4654 turns).

Heoruswealwe the Skirmisher (Demigod Hunter)        Turns: 4654, Time: 00:39:22

Health: -5/83      AC: 11    Str: 12    XL:     9   Next: 46%
Magic:  11/11      EV: 12    Int: 11    God:
Gold:   268        SH:  0    Dex: 29    Spells: 8/8 levels left

rFire   . . .        a - +0 shortbow
rCold   . . .        (shield currently unavailable)
rNeg    . . .        c - +0 leather armour
rPois   .            g - +0 helmet
rElec   .            h - scarf {repulsion}
rCorr   .            f - +1 pair of gloves
SInv    +            e - +0 pair of boots
Will    +....        (no amulet)
Stlth   ++           k - +4 ring of protection
HPRegen 0.33/turn    (no ring)
MPRegen 0.12/turn

%: repel missiles
@: hasted, very quick
A: high MP 1, forlorn, divine attributes, see invisible, strong-willed 1
a: no special abilities


You were on level 15 of the Dungeon.
You visited 1 branch of the dungeon, and saw 15 of its levels.
You also visited: Sewer, Ossuary and Gauntlet.

You collected 268 gold pieces.

Inventory:

Hand Weapons
 a - a +0 shortbow (weapon)
Armour
 c - a +0 leather armour (worn)
 e - a +0 pair of boots (worn)
 f - a +1 pair of gloves (worn)
 g - a +0 helmet (worn)
 h - a scarf of repulsion (worn)
 u - the orb "Otom" {*channel, rF- rN++ Dex+3}
   (You found it on level 6 of the Dungeon)

   Dex:       It affects your dexterity (+3).
   rF:        It makes you vulnerable to fire.
   rN:        It greatly protects you from negative energy.
Jewellery
 k - a +4 ring of protection (left hand)
Wands
 t - a wand of charming (5)
Scrolls
 b - a scroll of blinking
 d - a scroll of enchant armour
 l - a scroll of butterflies
 m - 3 scrolls of identify
 o - a scroll of silence
 p - 2 scrolls of amnesia
 s - a scroll of teleportation
Potions
 i - a potion of lignification
 j - 2 potions of resistance
 n - 4 potions of flight
 q - 2 potions of magic
 r - a potion of haste
 v - 2 potions of mutation


   Skills:
 + Level 9.2 Fighting
 + Level 9.8 Ranged Weapons
 - Level 1.7 Dodging
 - Level 0.8 Stealth


You had 8 spell levels left.
You didn't know any spells.
Your spell library contained the following spells:

 Spells                   Type           Power      Damage    Failure   Level
 Frozen Ramparts          Ice            0%         1d1       80%         3
 Ice Form                 Ice/Tmut       0%         N/A       99%         4
 Summon Ice Beast         Ice/Summ       0%         N/A       99%         4


Dungeon Overview and Level Annotations

Branches:
Dungeon (15/15)              Lair (0/5) D:11          Sewer (visited)
Ossuary (visited)         Gauntlet (visited)
 Temple: D:4-7          Orc: D:9-12      Vaults: D:13-14     Depths: D:15

Shops:
D:1 [(!(:   D:9 *   D:11 :

Annotations:
D:9 1 runed translucent door, ChadusMaximus's ghost, journeyman FoFi


Innate Abilities, Weirdness & Mutations

You have an increased reservoir of magic. (+10% MP)
You shall have no god before yourself.
Your divine heritage dramatically boosts your attributes as you level up.
You have supernaturally acute eyesight. (SInv)
You are strong-willed. (Will+)


Message History

The arrow hits the orc wizard but does no damage.
You shoot an arrow. The arrow hits the orc wizard!
The orc wizard is severely wounded.
You shoot an arrow.
The arrow hits the orc wizard but does no damage.
The orc wizard is severely wounded.
An orc wizard comes into view. It is wielding a +2 dagger of speed.
The orc wizard casts a spell at you. The magic dart hits you.
You shoot an arrow. The orc wizard shouts!
The arrow hits the orc wizard.
The orc wizard is almost dead.
You hear a shout!
The orc wizard barely misses you.
You shoot an arrow. The arrow hits the orc wizard.
You kill the orc wizard!
The yaktaur shoots a bolt.
The bolt hits you!!
* * * LOW HITPOINT WARNING * * *
The yaktaur shoots a bolt.
The bolt barely misses you.
You are too injured to fight recklessly!
You are too injured to fight recklessly!
You are too injured to fight recklessly!
As you read the scroll of teleportation, it crumbles to dust.
You feel strangely unstable.
The yaktaur shoots a bolt.
The bolt hits you!
* * * LOW HITPOINT WARNING * * *
You feel yourself speed up.
An orc comes into view. It is wielding a +0 short sword.
The yaktaur shoots a bolt.
The bolt misses you.
Your surroundings suddenly seem different.
A fire elemental and a hell hound come into view.
Found a potion of curing.
The hell hound barks!
You hear a bark!
A centaur warrior comes into view.
The centaur warrior shouts!
You hear a shout!
You hear two shouts!
The centaur warrior wields a +0 shortbow.
The centaur warrior shoots an arrow.
The arrow barely misses you.
You hear two shouts!
You hear a shout!
The centaur warrior shoots an arrow.
The arrow hits you!
You die...

°.. #. # .○. #. #
#.# #h# #. # #.#
#E# #.# # #.#
#.###.###### .. #.#
#.#.........
....#####.#
#..###.#####
........#.#
#..#.<......
#@#.###......#####
#............#
.........########.#
######...# #.#
#...# #.# ......
#.# .#.....# .# #
#c....# #.....#


You could see a centaur warrior.

Vanquished Creatures
  2 cyclopes (D:11)
  A wyvern (D:5)
  3 water moccasins (D:9)
  A black bear (D:4)
  2 ogres
  An orc warrior (D:9)
  A centaur (D:11)
  2 elf zombies (Ossuary)
  A phantom (D:5)
  3 kobold brigands
  2 bullfrogs
  2 gnoll sergeants
  A scorpion (D:5)
  5 wights (D:7)
  A howler monkey (D:8)
  3 centaur zombies (Ossuary)
  3 hounds
  A human zombie (D:5)
  4 iguanas (D:5)
  A sleepcap (D:5)
  Natasha (D:3)
  5 orc wizards
  2 mummies (Ossuary)
  3 gnolls (D:7)
  4 adders
  3 river rats
  A white imp (D:7)
  An ufetubus (D:5)
  2 adder zombies (Ossuary)
  4 worms (Sewer)
  2 dart slugs
  16 orcs
  10 bats
  8 endoplasms
  2 giant cockroaches (D:4)
  7 goblins
  5 hobgoblins
  4 quokkas
  8 ball pythons
  4 frilled lizards
  9 hobgoblin zombies
  3 jackal zombies (Ossuary)
  16 kobolds
  11 kobold zombies (Ossuary)
  7 orc zombies (Ossuary)
  11 rats
  A rat zombie (Ossuary)
190 creatures vanquished.

Notes
Turn   | Place    | Note
-------+----------+-------------------------------------------
     0 | D:1      | Heoruswealwe the Demigod Hunter began the quest for the
                  | Orb.
     0 | D:1      | Reached XP level 1. HP: 17/17 MP: 3/3
   161 | D:1      | Reached XP level 2. HP: 22/24 MP: 4/4
   204 | D:1      | Found Gowest's Antique Weapon Emporium.
   204 | D:1      | Found Ladu Dew's Distillery.
   275 | D:1      | Found Nyemul's Antique Armour Shop.
   387 | D:1      | Found Appaulitoske's Antique Weapon Shop.
   585 | D:1      | Found Rutradog's Book Boutique.
   799 | D:2      | Reached XP level 3. HP: 30/30 MP: 5/5
  1042 | D:3      | Noticed Natasha
  1046 | D:3      | Killed Natasha
  1072 | D:3      | Reached XP level 4. HP: 38/38 MP: 6/6
  1472 | D:4      | Reached skill level 5 in Ranged Weapons
  1472 | D:4      | Reached XP level 5. HP: 36/46 MP: 7/7
  1567 | D:4      | Found a glowing drain.
  1571 | Sewer    | Entered a sewer
  1770 | Sewer    | Reached XP level 6. HP: 45/53 MP: 8/8
  2060 | D:4      | Reached skill level 5 in Fighting
  2083 | D:5      | Entered Level 5 of the Dungeon
  2096 | D:5      | HP: 1/56 [scorpion (6)]
  2108 | D:5      | Reached XP level 7. HP: 24/61 MP: 9/9
  2329 | D:5      | Noticed a wyvern
  2337 | D:5      | Killed a wyvern
  2552 | D:5      | Found a sand-covered staircase.
  2576 | D:5      | Reached XP level 8. HP: 64/71 MP: 10/10
  2593 | Ossuary  | Entered an ossuary
  2731 | Ossuary  | Gained mutation: You have supernaturally acute eyesight.
                  | (SInv) [potion of mutation]
  2731 | Ossuary  | Gained mutation: You are strong-willed. (Will+) [potion of
                  | mutation]
  3020 | D:6      | Noticed a queen bee
  3067 | D:6      | Identified the orb "Otom" {*channel, rF- rN++ Dex+3}
  3394 | D:9      | Found Fuukh's Serpentskin Sales.
  3403 | D:9      | Reached XP level 9. HP: 53/81 MP: 11/11
  3540 | D:9      | Found a runed translucent door.
  3541 | D:9      | Noticed a +2 trident of chaos
  3541 | D:9      | Noticed ChadusMaximus's ghost (journeyman FoFi)
  3590 | D:10     | Entered Level 10 of the Dungeon
  3824 | D:11     | Noticed a manticore
  3834 | D:11     | Noticed a cyclops
  3848 | D:11     | Killed a cyclops
  3864 | D:11     | Found Ulalol's Tremendous Tomes.
  3933 | D:11     | Noticed a cyclops
  3934 | D:11     | Noticed a boulder beetle
  3946 | D:11     | Killed a cyclops
  4108 | D:11     | Found a staircase to the Lair.
  4119 | D:11     | Found a gate leading to a gauntlet.
  4166 | Gauntlet | Entered a Gauntlet
  4166 | Gauntlet | Noticed a sixfirhy
  4166 | Gauntlet | Found a transporter.
  4172 | Gauntlet | Found a transporter.
  4176 | Gauntlet | Found a transporter.
  4180 | Gauntlet | Found a runed translucent door.
  4180 | Gauntlet | Found a runed translucent door.
  4184 | Gauntlet | Found a transporter.
  4188 | Gauntlet | Found a transporter.
  4196 | Gauntlet | Found a transporter.
  4196 | Gauntlet | Noticed an oklob plant
  4200 | Gauntlet | Found a transporter.
  4207 | Gauntlet | Noticed a green ugly thing
  4208 | Gauntlet | Noticed a glowing orange brain
  4209 | Gauntlet | Found a transporter.
  4212 | Gauntlet | Found a transporter.
  4214 | Gauntlet | Noticed an efreet
  4220 | Gauntlet | Found a transporter.
  4247 | Gauntlet | Found a transporter.
  4259 | Gauntlet | Found a transporter.
  4271 | Gauntlet | Found a transporter.
  4283 | Gauntlet | Found a transporter.
  4587 | D:12     | Noticed a kobold demonologist
  4598 | D:13     | Noticed a death knight
  4610 | D:15     | Entered Level 15 of the Dungeon
  4633 | D:15     | Noticed a yaktaur
  4634 | D:15     | Noticed an orc knight
  4651 | D:15     | Noticed a centaur warrior
  4654 | D:15     | Shot with an arrow by a centaur warrior

Illustrated notes

Levels and vault maps discovered:
D:1:      dpeg_arrival_rhombus, layout_basic,
          hellmonk_ecumenical_altar_slurped_away, serial_shops, shop, shop,
          shop, nicolae_shop_rolling_square, shop, minmay_misc_feat_tower
D:2:      layout_rooms, dreamdust_mushroom_princess
D:3:      layout_loops_corners, patterned_corridor, uniq_natasha
D:4:      layout_rooms, mainiacjoe_overflow_paths, gup_sewer_entry_spiral,
          uniq_sigmund
D:5:      minmay_diamond_boxcup, layout_basic, enter_ossuary_3,
          nicolae_nh_ransacked_shop
D:6:      layout_loops_ring, minmay_temple_entry_hall, gammafunk_ghost_hive,
          minivault_10
D:7:      layout_loops_ring, minmay_mini_ossuary
D:8:      layout_basic, minitemple, mainiacjoe_overflow_alcove_1, dk_vineyard_2,
          jiyva_altar_1, uniq_pikel
D:9:      layout_basic, ebering_ghost_xom, guppyfry_shop_venom, uniq_psyche
D:10:     layout_basic, mainiacjoe_overflow_six_doors_small, david_orc_2
D:11:     layout_basic, lair_entry_dummy, gauntlet_entry_generic,
          nicolae_shop_i_like_big_books, led_sif_pool
D:12:     layout_cave_pools, nicolae_elevator_lobby_asterisk
D:13:     layout_roguey, portal_ice_cave_entry_pillars_1, kennysheep_four_rooms
D:14:     layout_gridville, erik_vaults_1, gammafunk_ghost_necromancy
D:15:     grunt_enter_depths_snipers, layout_loops_ring, nrook_mini_vaults,
          nicolae_shop_self_help, uniq_azrael

Skill      XL: |  1  2  3  4  5  6  7  8  9 |
---------------+----------------------------+-----
Fighting       | 2 3 4 5 6 8 9 |  9.2
Ranged Weapons | 4 5 6 7 8 9 |  9.8
Dodging        | |  1.7
Stealth        | |  0.8

Action                     |  1- 3 |  4- 6 |  7- 9 || total
---------------------------+-------+-------+-------++-------
   Fire: Shortbow          |   104 |   185 |   358 ||   647
    Use: Potion            |       |     8 |    15 ||    23
         Scroll            |       |       |    14 ||    14
 Armour: Leather armour    |    16 |    38 |   128 ||   182
  Dodge: Dodged            |    31 |    61 |   197 ||   289
         Repelled          |       |       |     4 ||     4
